 Dungeon Crawl Stone Soup version 0.31.0-32-g396128a36d (webtiles) character file.

Game seed: 13481932311123016091

269 unlimited1921 the Firebug (level 6, -2/44 HPs)
             Began as a Gnoll Fire Elementalist on Apr 8, 2024.
             Splashed by a jelly's acid (5 damage)
             ... on level 3 of the Dungeon.
             The game lasted 00:13:39 (10640 turns).

unlimited1921 the Firebug (GnFE)                   Turns: 10640, Time: 00:13:39

Health: -2/44      AC:  2    Str:  8    XL:     6   Next: 22%
Magic:  0/14       EV: 13    Int: 16    God:
Gold:   147        SH:  0    Dex: 12    Spells: 12/15 levels left

rFire   . . .        m - +1 short sword (venom)
rCold   . . .        (no shield)
rNeg    . . .        (no body armour)
rPois   .            (no helmet)
rElec   .            (no cloak)
rCorr   .            (no gloves)
SInv    .            s - +1 pair of boots
Will    .....        (no amulet)
Stlth   +++          (no ring)
HPRegen 0.27/turn    (no ring)
MPRegen 0.14/turn

%: no passive effects
@: no status effects
A: fangs 1, strong nose, distributed training
a: no special abilities


You were on level 3 of the Dungeon.
You visited 1 branch of the dungeon, and saw 4 of its levels.
You also visited: Sewer.

You collected 147 gold pieces.

Inventory:

Hand Weapons
 d - a +0 hand axe
 m - a +1 short sword of venom (weapon)
 p - a +0 rapier
 t - a +0 trident
Missiles
 c - 6 poisoned darts
 x - 3 boomerangs (quivered)
Armour
 g - a +0 ring mail of poison resistance
 s - a +1 pair of boots (worn)
Jewellery
 v - a ring of ice
Scrolls
 f - 2 scrolls of fog {unknown}
 h - 2 scrolls of butterflies
 i - 2 scrolls of fear
 j - 2 scrolls of teleportation
 k - 2 scrolls of enchant weapon {unknown}
 o - a scroll of revelation {unknown}
 r - a scroll of immolation
Potions
 a - a potion of lignification
 b - 2 potions of magic
 e - 2 potions of might {unknown}
 l - a potion of berserk rage
 n - 3 potions of curing {unknown}
 q - 2 potions of cancellation {unknown}
 w - a potion of haste


   Skills:
 + Level 2.0 Fighting
 + Level 2.0 Short Blades
 + Level 2.0 Long Blades
 + Level 2.0 Axes
 + Level 2.0 Maces & Flails
 + Level 2.0 Polearms
 + Level 2.0 Staves
 + Level 2.0 Ranged Weapons
 + Level 2.0 Throwing
 + Level 2.0 Armour
 + Level 5.0 Dodging
 + Level 4.6 Stealth
 + Level 2.0 Shields
 + Level 2.0 Unarmed Combat
 + Level 5.3 Spellcasting
 + Level 2.6 Conjurations
 + Level 1.5 Hexes
 + Level 1.5 Summonings
 + Level 1.5 Necromancy
 + Level 1.5 Translocations
 + Level 5.6 Fire Magic
 + Level 1.5 Ice Magic
 + Level 1.5 Air Magic
 + Level 1.5 Earth Magic
 + Level 1.5 Alchemy
 + Level 2.1 Invocations
 + Level 2.0 Evocations
 + Level 1.7 Shapeshifting


You had 12 spell levels left.
You knew the following spells:

 Your Spells              Type           Power      Damage    Failure   Level
a - Foxfire               Conj/Fire      68%        2x1d7     2%          1
b - Scorch                Fire           44%        2d6       2%          2

Your spell library contained the following spells:

 Spells                   Type           Power      Damage    Failure   Level
 Inner Flame              Hex/Fire       15%        N/A       10%         3
 Volatile Blastmotes      Fire/Tloc      30%        2d12      10%         3
 Flame Wave               Conj/Fire      17%        2d7       26%         4


Dungeon Overview and Level Annotations

Branches:
Dungeon (4/15)              Sewer (visited)
 Temple: D:4-7

Altars:


Innate Abilities, Weirdness & Mutations

You have very sharp teeth.
Your uncanny sense of smell can sniff out nearby items.
Your experience applies equally to all skills.


Message History

You kill the gnoll!
Your Fighting skill increases to level 2!
Your Short Blades skill increases to level 2!
Your Long Blades skill increases to level 2!
Your Axes skill increases to level 2!
Your Maces & Flails skill increases to level 2!
Your Polearms skill increases to level 2!
Your Staves skill increases to level 2!
Your Ranged Weapons skill increases to level 2!
Your Throwing skill increases to level 2!
Your Armour skill increases to level 2!
Your Shields skill increases to level 2!
Your Unarmed Combat skill increases to level 2!
Your Evocations skill increases to level 2!
The gnoll attacks as it pursues you! The gnoll closely misses you.
The gnoll attacks as it pursues you!
The gnoll hits you from afar with a +0 spear!
There is an escape hatch in the ceiling, spattered with blood here.
Casting: Foxfire (safe; 2% risk of failure)
Confirm with . or Enter, or press ? or * to list all spells.
You conjure some foxfire!
The gnoll hits you from afar with a +0 spear.
Throw: 3 boomerangs
Press: ? - help, Q - select action, (/) - cycle Shift-Dir - straight line, f - gnoll
Aim: a gnoll, wielding a +0 spear (ally target, 60% to hit)
You throw a boomerang. The boomerang barely misses the gnoll.
The foxfire hits the jelly.
The jelly is moderately wounded.
The foxfire hits the jelly.
The jelly is heavily wounded.
The gnoll hits you from afar with a +0 spear.
The gnoll hits you from afar with a +0 spear.
* * * LOW HITPOINT WARNING * * *
The jelly hits you.
* * * LOW HITPOINT WARNING * * *
You are splashed with acid!
* * * LOW HITPOINT WARNING * * *
A mysterious force pulls you upwards. The hatch slams shut behind you.
You hit the jelly.
Your hands burn!
You die...

.##### ##.#...........###.# #
.....# #.#######.###.# #.# #
.###.# #.# #.# #.# #.# # .# #.#
##+## #.# #.# #.# # .###.#
##...## #.# #.# #.# # ..##.#
##.....## #.###.# #.# # #.#..#
##.......## #.#.#)###.#
.....####.......J.###.........###
.#......'.......@.+........<.....
#....####.........###.........###
###.## ##...>...## #.#.#.###.#
#.# ##.....## #.###.# #.# #.#
##...## #.###.# #.# #.# ##'##
#.##..# #.# #.# #.#######.##.##
#.# #.# #.##...##.##.# #.# #.#
##.#..#..#.##.####.#


You could see a jelly.

Vanquished Creatures
  A crocodile (Sewer)
  2 gnolls (D:4)
  9 adders
  3 dart slugs
  A ribbon worm (D:2)
  6 endoplasms
  3 giant cockroaches
  9 goblins
  6 hobgoblins
  10 jackals
  3 quokkas
  8 ball pythons
  3 bats
  7 frilled lizards
  7 kobolds
  2 rats (D:1)
80 creatures vanquished.

Vanquished Creatures (others)
  A quokka (D:4)
  218 foxfires
219 creatures vanquished.

Grand Total: 299 creatures vanquished

Notes
Turn   | Place    | Note
-------+----------+-------------------------------------------
     0 | D:1      | unlimited1921 the Gnoll Fire Elementalist began the quest
                  | for the Orb.
     0 | D:1      | Reached XP level 1. HP: 13/13 MP: 6/6
   717 | D:1      | Reached XP level 2. HP: 19/19 MP: 3/7
  1520 | D:1      | Found a faded altar of an unknown god.
  1988 | D:1      | Learned a level 2 spell: Scorch
  2468 | D:1      | Reached skill level 5 in Spellcasting
  2468 | D:1      | Reached XP level 3. HP: 25/25 MP: 1/9
  3541 | D:1      | Reached skill level 1 in Invocations
  5048 | D:2      | Reached skill level 1 in Fighting
  5048 | D:2      | Reached skill level 1 in Short Blades
  5048 | D:2      | Reached skill level 1 in Long Blades
  5048 | D:2      | Reached skill level 1 in Axes
  5048 | D:2      | Reached skill level 1 in Maces & Flails
  5048 | D:2      | Reached skill level 1 in Polearms
  5048 | D:2      | Reached skill level 1 in Staves
  5048 | D:2      | Reached skill level 1 in Ranged Weapons
  5048 | D:2      | Reached skill level 1 in Throwing
  5048 | D:2      | Reached skill level 1 in Armour
  5048 | D:2      | Reached skill level 1 in Shields
  5048 | D:2      | Reached skill level 1 in Unarmed Combat
  5048 | D:2      | Reached skill level 1 in Evocations
  5400 | D:2      | Reached skill level 1 in Shapeshifting
  5400 | D:2      | Reached XP level 4. HP: 32/32 MP: 6/11
  5995 | D:2      | Reached skill level 1 in Hexes
  5995 | D:2      | Reached skill level 1 in Summonings
  5995 | D:2      | Reached skill level 1 in Necromancy
  5995 | D:2      | Reached skill level 1 in Translocations
  5995 | D:2      | Reached skill level 1 in Ice Magic
  5995 | D:2      | Reached skill level 1 in Air Magic
  5995 | D:2      | Reached skill level 1 in Earth Magic
  5995 | D:2      | Reached skill level 1 in Alchemy
  8726 | D:3      | Reached XP level 5. HP: 37/37 MP: 7/12
  9827 | D:4      | Found a glowing drain.
  9849 | Sewer    | Entered a sewer
  9981 | Sewer    | Noticed a crocodile
  9986 | Sewer    | Killed a crocodile
  9987 | Sewer    | Reached XP level 6. HP: 29/44 MP: 5/13
 10630 | D:4      | Reached skill level 5 in Dodging
 10640 | D:3      | Splashed by a jelly's acid

Illustrated notes

Levels and vault maps discovered:
D:1:      amcnicky_arrival_abandoned_market, layout_basic,
          ebering_ecumenical_altar_sacrificial
D:2:      layout_loops_ring, minmay_pentomino_t4
D:3:      layout_loops_corners
D:4:      cheibrodos_barr_body, layout_loops_ring, grunt_gozag_breadcrumbs,
          kennysheep_mini, nicolae_kikubaaqudgha_miasma_corner,
          nemelex_dance_club_becter, gup_sewer_entry_glass

Skill      XL: |  1  2  3  4  5  6 |
---------------+-------------------+-----
Conjurations   | 2 |  2.6
Spellcasting   | 5 |  5.3
Invocations    | 1 2 |  2.1
Fighting       | 1 2 |  2.0
Short Blades   | 1 2 |  2.0
Long Blades    | 1 2 |  2.0
Axes           | 1 2 |  2.0
Maces & Flails | 1 2 |  2.0
Polearms       | 1 2 |  2.0
Staves         | 1 2 |  2.0
Ranged Weapons | 1 2 |  2.0
Throwing       | 1 2 |  2.0
Armour         | 1 2 |  2.0
Shields        | 1 2 |  2.0
Unarmed Combat | 1 2 |  2.0
Evocations     | 1 2 |  2.0
Shapeshifting  | 1 |  1.7
Hexes          | 1 |  1.5
Summonings     | 1 |  1.5
Necromancy     | 1 |  1.5
Translocations | 1 |  1.5
Ice Magic      | 1 |  1.5
Air Magic      | 1 |  1.5
Earth Magic    | 1 |  1.5
Alchemy        | 1 |  1.5
Dodging        | 5 |  5.0
Stealth        | |  4.6
Fire Magic     | |  5.6

Action                     |  1- 3 |  4- 6 || total
---------------------------+-------+-------++-------
  Melee: Unarmed           |     6 |       ||     6
         Hand axe          |    12 |       ||    12
         Short sword       |     9 |     9 ||    18
         Bite              |     2 |       ||     2
         Punch             |       |     1 ||     1
  Throw: Boomerang         |       |     1 ||     1
   Cast: Foxfire           |    73 |    65 ||   138
         Scorch            |    18 |    20 ||    38
    Use: Scroll            |       |     8 ||     8
 Armour: Robe              |    20 |       ||    20
         Ring mail         |       |    10 ||    10
         Skin              |       |    11 ||    11
  Dodge: Dodged            |    43 |    27 ||    70
